 Dungeon Crawl Stone Soup version 0.28-a0-691-gad6df49e81 (webtiles) character file.

Game seed: 11471932052111445857

373 marklar909 the Vexing (level 6, 0/44 (47) HPs)
             Began as a Palentonga Enchanter on Oct 22, 2021.
             Slain by a scorpion (6 damage)
             ... on level 3 of the Dungeon on Oct 23, 2021.
             The game lasted 00:15:25 (6111 turns).

marklar909 the Vexing (Palentonga Enchanter)        Turns: 6111, Time: 00:15:25

HP:   0/44 (47)     AC:  4    Str: 12    XL:     6   Next: 43%
MP:   3/10          EV:  9    Int: 15    God:
Gold: 168           SH:  4    Dex: 12    Spells: 2/10 levels left

rFire   . . .      SeeInvis +   n - +0 short sword
rCold   . . .      Faith    .   l - +0 buckler
rNeg    . . .      Spirit   .   b - +0 robe
rPois   .          Reflect  .   (no helmet)
rElec   .          Harm     .   (no cloak)
rCorr   .          Rampage  .   (no gloves)
Will    .....                   (no barding)
Stlth   ++........              (no amulet)
HPRegen 0.14/turn               (no ring)
MPRegen 0.12/turn               (no ring)

@: drained
A: large, rugged brown scales 3, see invisible, deformed body, roll 1, armoured
tail
a: Rolling Charge


You were on level 3 of the Dungeon.
You visited 1 branch of the dungeon, and saw 4 of its levels.

You collected 168 gold pieces.

Inventory:

Hand Weapons
 n - a +0 short sword (weapon)
Missiles
 e - a boomerang (quivered)
 h - 2 javelins
Armour
 b - a +0 robe (worn)
 f - a +0 kite shield
 l - a +0 buckler (worn)
 m - a +0 ring mail
 o - a +0 leather armour
Scrolls
 a - a scroll of silence {unknown}
 d - 3 scrolls of teleportation
 g - 2 scrolls of identify
 i - a scroll of enchant armour {unknown}
Potions
 c - a potion of invisibility
 j - a potion of lignification
 k - a potion of might {unknown}


   Skills:
 * Level 1.7 Fighting
 + Level 2.2 Short Blades
 + Level 1.2 Throwing
 + Level 2.0 Dodging
 + Level 2.5 Stealth
 * Level 1.6 Shields
 + Level 2.7 Spellcasting
 * Level 4.1 Hexes
 * Level 1.4 Ice Magic


You had 2 spell levels left.
You knew the following spells:

 Your Spells              Type           Power      Damage    Failure   Level
a - Ensorcelled Hibernat  Hex/Ice        20%        N/A       12%         2
b - Confusing Touch       Hex            14%        N/A       14%         3
c - Tukima's Dance        Hex            14%        N/A       14%         3

Your spell library contained the following spells:

 Spells                   Type           Power      Damage    Failure   Level
 Slow                     Hex            14%        N/A       7%          2
 Summon Small Mammal      Summ           8%         N/A       24%         1
 Dazzling Flash           Conj/Hex       16%        N/A       32%         3
 Summon Guardian Golem    Hex/Summ       8%         N/A       32%         3
 Call Canine Familiar     Summ           2%         N/A       58%         3
 Vampiric Draining        Necr           1%         2d6       58%         3


Dungeon Overview and Level Annotations

Branches:
Dungeon (4/15)
 Temple: D:4-7

Altars:
Qazlal
Xom

Shops:
D:1 =


Innate Abilities, Weirdness & Mutations

You are completely covered in rugged brown scales. (AC +3, +7% HP)
You have supernaturally acute eyesight. (SInv)
Armour fits poorly on your strangely shaped body.
You can roll at nearby foes to attack.
You have a long armoured tail.


Message History

Items here: )) [[.
Casting: Tukima's Dance (dangerous; 14% risk of failure)
Confirm with . or Enter, or press ? or * to list all spells.
Your hands begin to glow red.
The ufetubus hits you. The ufetubus misses you.
You hit the ufetubus but do no damage.
The ufetubus appears confused.
You tail-slap the ufetubus.
The ufetubus is almost dead.
The ufetubus hits you but does no damage.
The ufetubus hits you.
You hit the ufetubus.
You kill the ufetubus!
You hit the scorpion.
The scorpion is lightly wounded.
The scorpion stings you.
You are poisoned.
The scorpion poisons you!
You hit the scorpion.
Your tail-slap misses the scorpion.
The scorpion is moderately wounded.
You feel very sick. The scorpion stings you.
You hit the scorpion but do no damage.
The scorpion is moderately wounded.
You feel sick. The scorpion stings you. You block the scorpion's attack.
Casting: Confusing Touch (dangerous; 14% risk of failure)
Confirm with . or Enter, or press ? or * to list all spells.
Your hands begin to glow red.
You feel sick.
The scorpion stings you but does no damage.
You hit the scorpion but do no damage.
The scorpion appears confused.
The scorpion is moderately wounded.
You feel sick. The scorpion stings you.
* * * LOW HITPOINT WARNING * * *
You feel sick.
You feel sick.
You feel sick.
You feel sick.
You are no longer poisoned.
You hit the scorpion.
The scorpion is moderately wounded.
The scorpion stings you.
You die...

#..# #.... ##.#
#####...
#####.......
###########..###...
###...........##
#...
#...###########
#... ##.### #.#.
##.>##### #.##
#.).)s@.# #.##
#######.### ##(#
#...#### #..#
###...<######.###
####........###
######.....)
#...... #....##
#...##


You could see a scorpion (confused).

Vanquished Creatures
  A wight (D:3)
  4 orc priests
  Jessica (D:2)
  Natasha (thrice) (D:3)
  2 adders
  An ufetubus (D:3)
  3 dart slugs (D:1)
  16 orcs
  9 bats
  8 endoplasms
  A giant cockroach (D:3)
  5 goblins
  3 hobgoblins
  7 kobolds
  A quokka (D:3)
  5 ball pythons
  4 frilled lizards
  7 rats
81 creatures vanquished.

Vanquished Creatures (others)
  2 dancing weapons (D:4)
2 creatures vanquished.

Grand Total: 83 creatures vanquished

Notes
Turn   | Place    | Note
-------+----------+-------------------------------------------
     0 | D:1      | marklar909 the Palentonga Enchanter began the quest for the
                  | Orb.
     0 | D:1      | Reached XP level 1. HP: 13/13 MP: 3/3
    84 | D:1      | Found Mocvauma's Jewellery Shop.
   357 | D:1      | Reached XP level 2. HP: 18/20 MP: 5/5
   896 | D:1      | Learned a level 2 spell: Ensorcelled Hibernation
   954 | D:2      | Found a faded altar of an unknown god.
  1291 | D:2      | Reached XP level 3. HP: 25/25 MP: 6/6
  1320 | D:2      | Found a shimmering altar of Xom.
  1351 | D:2      | Learned a level 3 spell: Confusing Touch
  2192 | D:3      | Noticed Natasha
  2923 | D:3      | Reached skill level 1 in Throwing
  2923 | D:3      | Reached XP level 4. HP: 7/33 MP: 1/7
  3387 | D:3      | Reached skill level 1 in Fighting
  3848 | D:3      | Reached skill level 1 in Shields
  3848 | D:3      | Reached skill level 1 in Ice Magic
  3848 | D:3      | Reached XP level 5. HP: 12/39 MP: 5/8
  3878 | D:3      | Learned a level 3 spell: Tukima's Dance
  4218 | D:3      | Noticed Jessica
  4501 | D:2      | Killed Jessica
  4657 | D:3      | Killed Natasha
  5331 | D:3      | Noticed Natasha
  5343 | D:3      | Killed Natasha
  5355 | D:3      | Noticed Natasha
  5374 | D:3      | Killed Natasha
  5375 | D:3      | Reached skill level 4 in Hexes
  5375 | D:3      | Reached XP level 6. HP: 11/46 MP: 5/9
  5812 | D:4      | Found a stormy altar of Qazlal.
  5813 | D:4      | Noticed a fire elemental
  5815 | D:4      | Noticed a water elemental
  5815 | D:4      | Noticed an air elemental
  6111 | D:3      | Slain by a scorpion

Illustrated notes

Levels and vault maps discovered:
D:1:      sevenhm_arrival_forest_fort_small_6, layout_loops_corners,
          serial_shops, shop, minmay_tetromino_t4
D:2:      minmay_diamond_boxcup, layout_loops_ring,
          hellmonk_ecumenical_altar_lost_god, basic_altar
D:3:      layout_rooms, uniq_natasha, uniq_jessica
D:4:      layout_rooms, nicolae_qazlal_style_of_elements, gammafunk_ghost_icy,
          st_stairs_1, grunt_decor_arrowhead

Skill      XL: |  1  2  3  4  5 |
---------------+----------------+-----
Throwing       | 1 |  1.2
Fighting       | 1 |  1.7
Dodging        | 2 |  2.0
Shields        | 1 |  1.6
Ice Magic      | 1 |  1.4
Short Blades   | 2 |  2.2
Hexes          | 4 |  4.1
Stealth        | |  2.5
Spellcasting   | |  2.7

Action                   |  1- 3 |  4- 6 || total
-------------------------+-------+-------++-------
Melee: Dagger            |   105 |    52 ||   157
       Tailslap          |    16 |    16 ||    32
       Short sword       |       |    92 ||    92
Throw: Boomerang         |    70 |    26 ||    96
 Cast: Ensorcelled Hiber |     3 |    22 ||    25
       Tukima's Dance    |       |     6 ||     6
       Confusing Touch   |       |     4 ||     4
 Abil: Rolling Charge    |     5 |       ||     5
  Use: Scroll            |     4 |     1 ||     5
 Stab: Sleeping          |     2 |    14 ||    16
       Confused          |       |     1 ||     1
Armor: Robe              |    57 |    38 ||    95
Dodge: Dodged            |    48 |    57 ||   105
Block: Kite shield       |     7 |       ||     7
       Buckler           |     4 |    20 ||    24

Table legend: (Time is in decaauts)
 A = Elapsed time spent in this place.
 B = Non-inter-level travel time spent in this place.
 C = Inter-level travel time spent in this place.
 D = Time resting spent in this place.
 E = Time spent auto-exploring this place.
 F = Levels seen in this place.
 G = Mean time per level.
                   A        B        C        D        E       F      G
               +--------+--------+--------+--------+--------+-----+--------+
         Total |   6184 |   5512 |    672 |   2012 |   2432 |   4 | 1546.0 |
       Dungeon |   6184 |   5512 |    672 |   2012 |   2432 |   4 | 1546.0 |
               +--------+--------+--------+--------+--------+-----+--------+

Top non-repeatable levels by time:
     D:3: 2640 daAuts
     D:2: 2411 daAuts
     D:1: 924 daAuts
     D:4: 209 daAuts
